AoeStats
← O grande

Arena

505709337Analyzed
1v1 RM · 21d ago on Sep 10, 2026· 52m 8s· 2 players
Game mode
Random Map
Map size
Tiny (2 player)
Population
200
Speed
Normal
Resources
Standard
Victory
Conquest
Starting age
Dark Age
Ending age
Imperial Age
RankedLock teamsTeams togetherTeam positionsShared explorationLock speedFull tech treeHidden civsTurbo modeCheats
Victory
Defeat
🇫🇷 Spanish · France
2190
+9
🇧🇷 Spanish · Brazil
2034
-9
O grande
10:09 Feudal Age
11:00 Feudal Age
14:34 Castle Age
13:16 Horse Collar
13:48 Double-Bit Axe
15:33 Bow Saw
15:30 Heavy Plow
23:55 Wheelbarrow
24:12 Loom
27:41 Hand Cart
31:46 Imperial Age
29:02 Loom
29:55 Gold Mining
29:55 Stone Mining
30:10 Padded Archer Armor
30:25 Bloodlines
30:15 Husbandry
31:11 Leather Archer Armor
30:32 Light Cavalry
33:05 Ring Archer Armor
34:48 Chemistry
33:55 Scale Barding Armor
34:01 Forging
33:42 Fletching
33:30 Elite Conquistador
37:22 Chain Barding Armor
37:38 Iron Casting
37:01 Hussar
38:41 Plate Barding Armor
41:52 Blast Furnace
42:07 Bodkin Arrow
44:54 Conscription
45:51 Bracer
46:38 Ballistics
AOKI_Thanouille
10:49 Feudal Age
14:51 Castle Age
12:40 Double-Bit Axe
12:54 Horse Collar
13:26 Gold Mining
15:48 Bow Saw
16:17 Herbal Medicine
21:29 Heavy Plow
25:00 Wheelbarrow
25:11 Town Watch
26:11 Loom
27:06 Bloodlines
27:26 Husbandry
28:17 Hand Cart
32:07 Imperial Age
29:48 Padded Archer Armor
29:42 Stone Mining
30:49 Leather Archer Armor
33:50 Chemistry
33:21 Ring Archer Armor
32:45 Fletching
33:57 Masonry
34:33 Block Printing
35:57 Light Cavalry
36:43 Scale Barding Armor
36:16 Elite Conquistador
37:20 Conscription
37:33 Forging
37:59 Chain Barding Armor
38:05 Conscription
38:21 Bodkin Arrow
38:53 Ballistics
39:34 Bodkin Arrow
39:06 Hussar
41:53 Plate Barding Armor
41:55 Herbal Medicine
42:43 Iron Casting
45:19 Careening
45:39 Architecture
45:20 Careening
46:15 Hoardings
46:38 Supremacy
46:41 Bodkin Arrow
48:03 Bracer
49:03 Blast Furnace
48:41 Pikeman
49:21 Squires
49:22 Scale Mail Armor
51:24 Stone Shaft Mining
51:31 Chain Mail Armor
50:36 Halberdier
52:48 Plate Mail Armor
Connection lost

Rejoining the realm…

Still unreachable

The connection could not be restored.

Session expired

The server has moved on; the page needs a fresh start.